 Dungeon Crawl Stone Soup version 0.17.2 (webtiles) character file.

1022 Goblin1989 the Covert (level 8, -3/38 HPs)
             Began as a Vine Stalker Assassin on May 27, 2016.
             Was a Follower of Ashenzari.
             Slain by an orc warrior
             ... wielding a +0 spear
              (18 damage)
             ... in a bailey.
             The game lasted 00:22:10 (1841 turns).

Goblin1989 the Covert (Vine Stalker Assassin)       Turns: 1841, Time: 00:22:11

Health: -3/38      AC:  8    Str: 13    XL:     8   Next: 22%
Magic:  0/9        EV: 10    Int: 11    God:    Ashenzari [*.....]
Gold:   110        SH:  6    Dex: 19    Spells: 0 memorised, 7 levels left

rFire  . . .     SeeInvis .     a - +2 dagger
rCold  . . .     Clarity  .     t - troll hide (curse) {Purgy}
rNeg   . . .     SustAt   .     i - +2 buckler (curse)
rPois  +         Gourm    .     (no helmet)
rElec  .         Spirit   +     u - +2 cloak {rPois} (curse)
rCorr  .         Warding  .     (no gloves)
rMut   .         Stasis   .     (no boots)
MR     +....                    (no amulet)
Stlth  +++++.....               (no ring)
                                f - +3 ring of protection (curse)

@: somewhat resistant to hostile enchantments, quite stealthy
A: fangs 3, regeneration 2, magic shield, antimagic bite, no device heal 3, rot
immunity
a: Scrying, Renounce Religion


You were in a bailey.
You worshipped Ashenzari.
Ashenzari was aware of your devotion.
You were not hungry.

You visited 2 branches of the dungeon, and saw 9 of its levels.
You also visited: Bailey.

You collected 110 gold pieces.

Inventory:

Hand Weapons
 a - a +2 dagger (weapon)
 b - a +0 blowgun
 w - a +2 falchion of holy wrath
Missiles
 c - a javelin of returning (quivered)
 h - a curare-tipped needle
 o - 4 poisoned needles
Armour
 i - a cursed +2 buckler (worn)
 t - a cursed troll hide (worn) {Purgy}
 u - a cursed +2 cloak of poison resistance (worn)
Jewellery
 f - a cursed +3 ring of protection (left hand)
Wands
 p - a wand of magic darts (28)
Scrolls
 e - 2 scrolls of recharging
 n - 2 scrolls of amnesia
 v - a scroll of identify
 x - a scroll of curse jewellery
 y - a scroll of curse weapon
Potions
 l - a potion of might
 m - a potion of curing
 q - a potion of flight
 r - 2 potions of ambrosia {!q}
Comestibles
 g - 2 bread rations
 j - 4 fruits
 k - 2 beef jerkies
 s - 2 meat rations


   Skills:
 - Level 1.7 Fighting
 * Level 3.3(3.8) Short Blades
 - Level 2.7(3.5) Long Blades
 - Level 1.7 Throwing
 - Level 0.7 Dodging
 + Level 11.4 Stealth


You had 7 spell levels left.
You didn't know any spells.

Dungeon Overview and Level Annotations

Branches:
Dungeon (8/15)             Temple (1/1) D:4
   Lair: D:8-11

Altars:
Ashenzari
Cheibriados
Dithmenos
Fedhas
Kikubaaqudgha
Makhleb
Okawaru
Qazlal
Ru
Xom
Yredelemnul
The Shining One

Annotations:
D:3 Goblin1989's ghost, weakling VSAs


Innate Abilities, Weirdness & Mutations

You have razor-sharp teeth.
You heal very quickly.
When hurt, damage is shared between your health and your magic reserves.
Your bite disrupts and absorbs the magic of your enemies.
Potions and wands cannot restore your health.
You are immune to rotting.


Message History

an uncursed trident; a +0 chain mail; an orc corpse The orc warrior shouts!
Things that are here:
an uncursed trident; a +0 ring mail; an orc corpse You butcher the orc corpse.
Items here: % ) [ ÷ an uncursed trident; a +0 ring mail; 3 chunks of flesh; an orc skeleton Eat one of 3 chunks of flesh? (ye/n/q/i?)
You continue eating. x2
Things that are here:
an uncursed trident; a +0 chain mail; an orc corpse The orc warrior hits you from afar with a spear!
The orc warrior completely misses you.
You barely miss the orc warrior.
You bite the orc warrior, but do no damage.
The orc warrior hits you with a spear!
You barely miss the orc warrior. Your bite misses the orc warrior.
The orc warrior hits you with a spear.
You barely miss the orc warrior. The orc warrior hits you with a spear!!
You die...

≈.≈.≈≈.≈≈.≈.≈≈ #..≈#
c≈≈.≈...≈.≈≈.≈ #..≈#
o≈.≈≈...≈≈.≈.≈ #..≈#
.≈.≈.⌠∩⌠.≈.≈.≈ #..≈#
.≈.≈..∩..≈.≈.≈ #..≈#
.≈.≈.⌠∩⌠.≈.≈.≈ #..≈#
.≈.≈≈...≈≈.≈.≈ #..≈#
.≈≈.≈...≈.≈≈.≈ #..≈#
≈.≈.≈≈≈≈≈.≈.≈≈ #@.≈#
≈.≈≈.....≈≈.≈.##o.≈#
≈≈.≈≈≈.≈≈≈.≈≈o#⌠).≈#
.≈≈..≈c≈..≈≈..#...≈#
⌠.≈≈≈o.o≈≈ #.).≈#
##.).≈# #....≈#
#⌠.......##
..........##


You could see an orc warrior.

Vanquished Creatures
  Edmund (D:4)
  Purgy (D:4)
  An ice beast (D:8)
  3 ogres (D:4)
  A centaur (D:5)
  A giant frog (D:7)
  2 crimson imps (D:5)
  An iguana (D:5)
  A hound (D:4)
  Terence (D:3)
  2 orc wizards (D:5)
  A worker ant (D:6)
  2 hound skeletons
  4 adders
  2 giant geckos (D:4)
  10 orcs
  2 bats (D:3)
  6 giant cockroaches
  3 hobgoblins
  3 quokkas
  A giant gecko skeleton (D:4)
  A giant newt (D:3)
  6 goblins
56 creatures vanquished.

Notes
Turn   | Place    | Note
--------------------------------------------------------------
     0 | D:1      | Goblin1989 the Vine Stalker Assassin began the quest for the Orb.
     0 | D:1      | Reached XP level 1. HP: 11/11 MP: 2/2
    34 | D:1      | Reached skill level 5 in Stealth
   110 | D:2      | Reached XP level 2. HP: 15/15 MP: 3/3
   205 | D:3      | Reached XP level 3. HP: 18/18 MP: 4/4
   206 | D:3      | Noticed Goblin1989's ghost (weakling VSAs)
   267 | D:3      | Noticed Terence
   281 | D:3      | Killed Terence
   281 | D:3      | Reached skill level 6 in Stealth
   488 | D:3      | Reached XP level 4. HP: 15/23 MP: 2/5
   543 | D:4      | Noticed Purgy
   546 | D:4      | Noticed an ogre
   566 | D:4      | Killed an ogre
   566 | D:4      | Reached skill level 1 in Long Blades
   566 | D:4      | Reached skill level 7 in Stealth
   566 | D:4      | Reached XP level 5. HP: 16/26 MP: 4/6
   586 | D:4      | Killed Purgy
   586 | D:4      | Reached skill level 8 in Stealth
   586 | D:4      | Gained mutation: You heal very quickly. [Vine Stalker growth]
   586 | D:4      | Reached XP level 6. HP: 5/30 MP: 5/7
   592 | D:4      | Noticed an ogre
   594 | D:4      | Noticed Edmund
   625 | D:4      | Killed Edmund
   674 | D:4      | Found a staircase to the Ecumenical Temple.
   683 | Temple   | Entered the Ecumenical Temple
   694 | Temple   | Became a worshipper of Ashenzari the Shackled
   756 | D:5      | Entered Level 5 of the Dungeon
   820 | D:4      | Killed an ogre
   820 | D:4      | Reached skill level 9 in Stealth
   820 | D:4      | Reached XP level 7. HP: 34/34 MP: 8/8
  1167 | D:5      | Found a glowing golden altar of the Shining One.
  1169 | D:5      | Reached skill level 10 in Stealth
  1262 | D:5      | Found an iron altar of Okawaru.
  1503 | D:6      | Gained mutation: You have razor-sharp teeth. [Vine Stalker growth]
  1503 | D:6      | Reached XP level 8. HP: 38/38 MP: 9/9
  1521 | D:6      | Reached * piety under Ashenzari
  1556 | D:7      | Reached skill level 11 in Stealth
  1762 | D:8      | Found a flagged portal.
  1781 | Bailey   | Entered a bailey
  1841 | Bailey   | Slain by an orc warrior

Action                   |  1- 3 |  4- 6 |  7- 9 || total
-------------------------+-------+-------+-------++-------
Melee: Dagger            |    34 |    39 |   177 ||   250
       Falchion          |     7 |     1 |    12 ||    20
 Fire: Blowgun           |     1 |    13 |     8 ||    22
  Use: Scroll            |       |     6 |    11 ||    17
 Stab: Sleeping          |     5 |     3 |    10 ||    18
  Eat: Chunk             |       |       |     3 ||     3
